Cogmind - Beta 13 @@@ ROGUE MODE // 2024.05.05 @ 19:03:05 // AFD2020/Player2 Player: CrossedViper Result: Destroyed by RU-N14 with RU-N14's Throwing Claymores Performance ------------- Evolutions (1) 500 Regions Visited (5) 1000 Robots Destroyed (62) 310 Value Destroyed (1496) 1496 Prototype IDs (5) 100 Alien Tech Used (0) 0 Bonus (422) 422 TOTAL SCORE: 3828 Bonus ------- High Alert Combat Kills 231 Follower Combat Kills 437 Friendly Fire -246 Cogmind --------- Core Integrity 0/400 Matter 250/300 Energy 85/100 System Corruption 5% Temperature Cool (71) Movement Treading (160) Location -7/Zion Parts ------- > --- POWER (1) -------- (None) > --- PROPULSION (2) --- Light Treads > --- UTILITY (2) ------ Makeshift Light Armor Plating > --- WEAPON (4) ------- Improved Medium Laser Improved Medium Laser Advanced Beam Cannon Heavy Battle Rifle > --- INVENTORY (5) ---- Light Treads Light Treads Light Treads Light Treads Improved Treads Peak State ------------ > --- POWER ------------ Fission Core > --- PROPULSION ------- Light Treads Spiked Medium Treads > --- UTILITY ---------- Heavy Armor Plating > --- WEAPON ----------- Improved Medium Laser Improved Medium Laser Advanced Beam Cannon Advanced Beam Cannon > --- INVENTORY -------- Light Treads Light Treads Light Treads Light Treads Improved Treads [Rating: 29] Favorites ----------- Power Heavy Ion Engine Engine Heavy Ion Engine Power Core Fission Core Propulsion Light Treads Treads Light Treads Utility Large Storage Unit Device Structural Scanner Storage Large Storage Unit Protection Core Shielding Weapon Improved Medium Laser Energy Gun Improved Medium Laser Energy Cannon Advanced Beam Cannon Ballistic Gun Autogun Launcher Grenade Launcher Build | -11 -10 -10 -9 -9 -7 ------- Run | Yrd Mat Min Mat Min Zio Slots Evolved 2 | . . . 2 . . Power . | . . . . . . Propulsion . | . . . . . . Utility . | . . . . . . Weapon 2 | . . . 2 . . Parts Attached 54 | 6 4 2 29 . 13 Power 6 | 1 1 1 1 . 2 Engine 5 | 1 1 1 1 . 1 Core 1 | . . . . . 1 Reactor . | . . . . . . Propulsion 10 | 2 . . 5 . 3 Treads 10 | 2 . . 5 . 3 Leg . | . . . . . . Wheel . | . . . . . . Hover . | . . . . . . Flight . | . . . . . . Utility 11 | 1 2 . 4 . 4 Device 4 | . 1 . 2 . 1 Storage 3 | 1 1 . 1 . . Processor . | . . . . . . Hackware . | . . . . . . Protection 4 | . . . 1 . 3 Artifact . | . . . . . . Weapon 27 | 2 1 1 19 . 4 Energy Gun 15 | 1 1 . 11 . 2 Energy Cannon 3 | . . . 3 . . Ballistic Gun 5 | 1 . . 3 . 1 Ballistic Cannon . | . . . . . . Launcher 4 | . . 1 2 . 1 Special Weapon . | . . . . . . Impact Weapon . | . . . . . . Slashing Weapon . | . . . . . . Piercing Weapon . | . . . . . . Special Melee Weapon . | . . . . . . Unidentified Prototypes 5 | . . . 5 . . Parts Lost 17 | . 2 1 5 . 9 Power 5 | . 1 1 1 . 2 Propulsion 4 | . . . 2 . 2 Utility 4 | . . . . . 4 Weapon 4 | . 1 . 2 . 1 Highest Loss Streak 4 | . 1 1 2 . 4 To Critical Strikes 2 | . . . . . 2 Average Slot Usage (%) 94 | . 95 99 94 88 85 Engine 11 | . 13 13 10 11 5 Treads 24 | . 28 28 21 22 22 Device 10 | . 10 14 9 11 3 Storage 11 | . 14 14 11 11 4 Protection 1 | . . . 1 . 7 Energy Gun 23 | . 26 15 25 11 16 Energy Cannon 5 | . . . 8 22 17 Ballistic Gun 3 | . 1 . 5 . 1 Launcher 1 | . . 12 . . 2 Naked Turns . | . . . . . . Heaviest Build 43 | 12 29 29 43 40 40 Greatest Support 48 | 40 40 40 40 40 48 Greatest Overweight (x) 1 | . . . 1 . 1 Average Overweight (x) . | . . . . . . Largest Inventory Capacity 15 | 8 15 15 15 15 15 Average Capacity 13 | 7 12 15 15 15 9 Most Carried 15 | 2 6 9 15 14 14 Average Carried 8 | . 3 7 11 14 8 Final Capacity 15 | 8 15 15 15 15 5 Final Carried 14 | 2 6 9 14 14 5 Class Distribution -------------------- 44% | Mutant 41% | Gunner 7% | Scavenger-Tank Dominant Class ---------------- Mutant | -10/Materials Mutant | -10/Mines Gunner | -9/Materials Gunner | -9/Mines Scavenger-Tank | -7/Zion Resources | -11 -10 -10 -9 -9 -7 ----------- Run | Yrd Mat Min Mat Min Zio Matter Collected 1059 | 275 65 95 470 . 154 Remotely 66 | . . . . . 66 Salvage Created 2319 | 120 688 109 1303 . 99 Parts 112 | 4 33 5 62 . 8 Haulers Intercepted 6 | . 2 . 4 . . Recyclers Shooed 4 | 1 1 . 2 . . Parts Field Recycled . | . . . . . . Retrieved Matter . | . . . . . . Parts Self-Destructed . | . . . . . . Prevented . | . . . . . . Kills | -11 -10 -10 -9 -9 -7 ------- Run | Yrd Mat Min Mat Min Zio Combat Hostiles Destroyed 45 | . 12 9 23 . 1 Guns 28 | . 12 . 16 . . Cannons 3 | . . . 3 . . AOE 11 | . . 9 2 . . Classes Destroyed 11 | 2 4 1 2 . 2 Worker 3 | . 2 . 1 . . Tunneler 1 | 1 . . . . . Hauler 6 | . 2 . 4 . . Recycler 4 | 1 2 . 1 . . Watcher 3 | . . . 3 . . Swarmer 8 | . 4 2 2 . . Grunt 25 | . 8 2 15 . . Sentry 6 | . . . 6 . . Zionite 5 | . . . . . 5 Assembled 5 | . . 5 . . . Marauder 1 | . . . . . 1 Best Kill Streak 6 | 2 6 4 5 . 3 Combat Bots Only 4 | . 4 4 4 . 1 Max Kills in Single Turn 2 | 1 2 2 2 . 2 Gunslinging 1 | . . . 1 . . Exploded 2 | . . 2 1 . . Melee . | . . . . . . Uniques/NPCs Destroyed . | . . . . . . Combat | -11 -10 -10 -9 -9 -7 -------- Run | Yrd Mat Min Mat Min Zio Hostile Shots Fired 265 | . 65 19 82 . 99 Missed 75 | . 17 7 23 . 28 Damage Taken 3260 | . 491 189 775 . 1805 Core 409 | . 33 33 119 . 224 Absorbed by Shields . | . . . . . . Redirected to Shielding 9 | . . . 9 . . Core Remaining (%) 66 | 100 . 32 . . . Volleys Fired 162 | 5 48 10 65 . 34 Largest 4 | 2 2 1 4 . 4 Hottest 251 | 70 90 30 251 . 248 Shots Fired 377 | 10 92 10 207 . 58 Gun 292 | 10 92 . 176 . 14 Cannon 69 | . . . 28 . 41 Launcher 16 | . . 10 3 . 3 Special . | . . . . . . Kinetic 45 | 5 10 . 23 . 7 Thermal 316 | 5 82 . 181 . 48 Explosive 16 | . . 10 3 . 3 Electromagnetic . | . . . . . . Robot Hit Streak 14 | 6 14 8 10 . 8 Robot Miss Streak 7 | 1 5 1 7 . 3 Penetration Max . | . . . . . . Secondary Targets 6 | . 2 . 4 . . Max Gunslinging Chain 1 | . 1 . 1 . . Shots Hit Robots 218 | 7 61 1 114 . 35 Core Hits 113 | 3 32 16 49 . 13 Critical Kills . | . . . . . . Critical Parts Destroyed . | . . . . . . Critical Strikes 10 | 1 2 . 7 . . Burn 10 | 1 2 . 7 . . Melee Attacks . | . . . . . . Impact . | . . . . . . Slashing . | . . . . . . Piercing . | . . . . . . Sneak Attacks . | . . . . . . Combat Hostiles . | . . . . . . Follow-up Attacks . | . . . . . . Damage Inflicted 4437 | 90 861 458 2169 . 859 Guns 2733 | 90 837 . 1656 . 150 Cannons 824 | . . . 310 . 514 Explosions 855 | . . 458 202 . 195 Melee . | . . . . . . Ramming 25 | . 24 . 1 . . Kinetic 409 | 53 118 . 168 . 70 Thermal 3148 | 37 719 . 1798 . 594 Explosive 855 | . . 458 202 . 195 Electromagnetic . | . . . . . . Impact . | . . . . . . Slashing . | . . . . . . Piercing . | . . . . . . Highest Corruption 5 | . . . 5 5 5 Average Corruption 5 | . . . 5 5 5 Corruption Purged . | . . . . . . Corruption Blocked . | . . . . . . Effects 45 | . . . 36 1 8 Message Errors 8 | . . . 8 . . Matter Fused 8 | . . . 8 . . Heat Flow Errors 8 | . . . 4 . 4 Energy Discharges 4 | . . . 4 . . Data Loss (minor) 7 | . . . 5 1 1 Data Loss (major) 3 | . . . 3 . . Misfires 2 | . . . . . 2 Weapon Failures 5 | . . . 4 . 1 Overload Shots . | . . . . . . Overflow Damage 10 | . . 10 . . . Projectiles . | . . . . . . Explosions 10 | . . 10 . . . Melee . | . . . . . . Knockbacks 1 | . 1 . . . . Impact 1 | . 1 . . . . Kinetic . | . . . . . . Secondary . | . . . . . . Self-Inflicted Damage 28 | . . 28 . . . Shots 2 | . . 2 . . . Rammed 11 | . 7 3 1 . . Targets Rammed 11 | . 7 3 1 . . Kicked . | . . . . . . Crushed . | . . . . . . Highest Temperature 498 | 45 232 4 442 . 498 Average Temperature 142 | 23 73 4 143 . 222 Received Heat Transfer 690 | . 198 9 330 . 153 Effects 14 | . . . 8 . 6 Shutdowns 2 | . . . . . 2 Energy Bleed 2 | . . . 2 . . Interference 5 | . . . 5 . . Matter Decay 1 | . . . . . 1 Short Circuit 2 | . . . 1 . 1 Damage (minor) 2 | . . . . . 2 Siege Activations . | . . . . . . Robots Corrupted . | . . . . . . Combat Hostiles . | . . . . . . Parts Fried . | . . . . . . Impact Corruptions . | . . . . . . Robots Melted 3 | . . . 2 . 1 Combat Hostiles 3 | . . . 2 . 1 Parts Melted 20 | 1 4 . 12 . 3 Heat Transferred 7176 | 185 1986 . 4348 . 657 Parts Sabotaged . | . . . . . . Parts Stolen . | . . . . . . Parts Stripped . | . . . . . . Power Chain Reactions . | . . . . . . Alert | -11 -10 -10 -9 -9 -7 ------- Run | Yrd Mat Min Mat Min Zio Peak Influence 957 | 10 468 350 957 373 . Initial 373 | . 6 148 58 373 . Average 428 | 1 289 202 623 373 . Maximum Alert Level 3 | . 2 1 3 1 . Low Security (%) 24 | 100 27 68 5 . . Level 1 30 | . 56 31 10 100 . Level 2 26 | . 16 . 46 . . Level 3 18 | . . . 38 . . Level 4 . | . . . . . . Level 5 . | . . . . . . High Security . | . . . . . . Max Security . | . . . . . . Squads Dispatched 13 | . 8 . 5 . . Investigation 9 | . 6 . 3 . . Extermination . | . . . . . . Reinforcement 4 | . 2 . 2 . . Assault . | . . . . . . Garrison . | . . . . . . Intercept . | . . . . . . Searches Triggered . | . . . . . . Construction Impeded . | . . . . . . Haulers Reinforced . | . . . . . . Active Scanning Responses . | . . . . . . Cargo Convoy Interrupts . | . . . . . . Stealth | -11 -10 -10 -9 -9 -7 --------- Run | Yrd Mat Min Mat Min Zio Distress Signals 5 | . 1 . 4 . . Communications Jammed . | . . . . . . Distress Signals . | . . . . . . Times Spotted 87 | . 25 13 39 . 10 Peak Tracking Total 6 | . 4 6 5 . 4 Tactical Retreats 2 | . . 1 . . 1 Traps | -11 -10 -10 -9 -9 -7 ------- Run | Yrd Mat Min Mat Min Zio Traps Triggered 2 | . 1 . 1 . . Indirectly . | . . . . . . Trap Hack Attempts . | . . . . . . Triggered . | . . . . . . Disarmed . | . . . . . . Reprogrammed . | . . . . . . Reused . | . . . . . . Traps Extracted . | . . . . . . Installed . | . . . . . . Triggered . | . . . . . . Machines | -11 -10 -10 -9 -9 -7 ---------- Run | Yrd Mat Min Mat Min Zio Machines Disabled 3 | . . 1 1 . 1 Max in Single Turn 1 | . . 1 1 . 1 Machines Repaired . | . . . . . . Machines Dismantled . | . . . . . . Machines Sabotaged . | . . . . . . Overloaded Fab Kills . | . . . . . . Hacking | -11 -10 -10 -9 -9 -7 --------- Run | Yrd Mat Min Mat Min Zio Machines Accessed 11 | . 5 . 6 . . Terminals 8 | . 4 . 4 . . Fabricators . | . . . . . . Repair Stations . | . . . . . . Recycling Units 3 | . 1 . 2 . . Scanalyzers . | . . . . . . Garrison Access . | . . . . . . Total Hacks 32 | . 16 . 16 . . Successful 12 | . 5 . 7 . . Failed 19 | . 10 . 9 . . Catastrophic 3 | . 3 . . . . Database Lockouts 1 | . 1 . . . . Manual 21 | . 13 . 8 . . Terminals 28 | . 15 . 13 . . Fabricators . | . . . . . . Repair Stations . | . . . . . . Recycling Units 4 | . 1 . 3 . . Scanalyzers . | . . . . . . Garrison Access . | . . . . . . Terminal Hacks 8 | . 4 . 4 . . Robot Analysis 2 | . 2 . . . . Branch Access Points 1 | . . . 1 . . Terminal Index 1 | . . . 1 . . Recycling Unit Index 1 | . 1 . . . . Hauler Manifests 2 | . 1 . 1 . . Zone Layout 1 | . . . 1 . . Fabricator Hacks . | . . . . . . Repair Station Hacks . | . . . . . . Recycling Unit Hacks . | . . . . . . Scanalyzer . | . . . . . . Garrison Access Hacks . | . . . . . . Unauthorized Hacks 4 | . 1 . 3 . . Terminals 1 | . . . 1 . . Botnet 1 | . . . 1 . . Fabricators . | . . . . . . Repair Stations . | . . . . . . Recycling Units 3 | . 1 . 2 . . Tunnel 3 | . 1 . 2 . . Scanalyzers . | . . . . . . Garrison Access . | . . . . . . Data Cores Recovered 1 | . . . 1 . . Used . | . . . . . . Hacking Detections 9 | . 4 . 5 . . Full Trace Events 4 | . 3 . 1 . . Feedback Events . | . . . . . . Feedback Blocked . | . . . . . . Robot Schematics Acquired . | . . . . . . Robots Built . | . . . . . . Authchips . | . . . . . . Time . | . . . . . . Total Robot Build Rating . | . . . . . . Part Schematics Acquired . | . . . . . . Parts Built . | . . . . . . Authchips . | . . . . . . Time . | . . . . . . Total Part Build Rating . | . . . . . . Parts Repaired . | . . . . . . Time . | . . . . . . Parts Recycled . | . . . . . . Recycled Matter . | . . . . . . Retrieved Matter . | . . . . . . Retrieved Components . | . . . . . . Parts Scanalyzed . | . . . . . . Part Schematics Acquired . | . . . . . . Parts Damaged . | . . . . . . Bothacking | -11 -10 -10 -9 -9 -7 ------------ Run | Yrd Mat Min Mat Min Zio Used RIF Installer . | . . . . . . Robots Hacked . | . . . . . . Non-combat . | . . . . . . Combat . | . . . . . . Robot Hacks Applied . | . . . . . . Relay Couplers Released . | . . . . . . Fabnet Peak Effective % . | . . . . . . Robots Rewired . | . . . . . . Allies Hacked . | . . . . . . Hacks Repelled . | . . . . . . Allies | -11 -10 -10 -9 -9 -7 -------- Run | Yrd Mat Min Mat Min Zio Total Allies 1 | . 1 . . . . Largest Group 1 | . 1 1 1 1 1 Highest-Rated Group 70 | . 58 58 68 68 70 Highest-Rated Ally 70 | . 58 58 68 68 70 Total Orders . | . . . . . . Ally Attacks 165 | . 50 12 55 . 48 Total Damage 3021 | . 647 126 1149 . 1099 Kills 34 | . 10 4 19 . 1 Allies Corrupted . | . . . . . . Allies Melted . | . . . . . . Intel | -11 -10 -10 -9 -9 -7 ------- Run | Yrd Mat Min Mat Min Zio Robot Analysis Total 2 | . 2 . . . . Derelict Logs Recovered . | . . . . . . Drone Launches . | . . . . . . Drone Recoveries . | . . . . . . Exploration | -11 -10 -10 -9 -9 -7 ------------- Run | Yrd Mat Min Mat Min Zio Turns Passed 3312 | 109 956 425 1441 112 269 Spaces Moved 1430 | 83 395 221 589 68 74 Core 44 | 44 . . . . . Treads 1386 | 39 395 221 589 68 74 Legs . | . . . . . . Wheels . | . . . . . . Hover . | . . . . . . Flight . | . . . . . . Fastest Speed 50 | 50 160 160 160 160 160 Average Speed 165 | 101 160 160 181 160 161 Slowest Speed 240 | 160 160 160 240 160 240 Overloaded Moves . | . . . . . . Propulsion Burnouts . | . . . . . . Robots Hopped . | . . . . . . Cave-ins Triggered . | . . . . . . Exploration Rate (%) 36 | 5 71 45 67 23 9 Regions Visited 5 Branch Regions 3 Pre-discovered Areas 3 | . 1 . 2 . . Known Exits Taken 1 | . . . 1 . . Unknown Exits Taken 4 | 1 1 1 . 1 . Scrap Searched 1 | . . 1 . . . Spaces Dug . | . . . . . . Terrain Destroyed 102 | . . 68 23 . 11 Melee . | . . . . . . Projectile . | . . . . . . AOE 102 | . . 68 23 . 11 Terrain Rammed . | . . . . . . Walls Destroyed . | . . . . . . Machines Disabled . | . . . . . . Actions | -11 -10 -10 -9 -9 -7 --------- Run | Yrd Mat Min Mat Min Zio Total 2062 | 95 622 280 819 71 175 Wait 336 | . 162 41 85 4 44 Move 1425 | 82 394 220 588 67 74 Hop . | . . . . . . Pick Up 27 | 2 5 4 16 . . Fast Attach 37 | 6 3 . 21 . 7 Attach 12 | . . 1 5 . 6 Detach 5 | . . . 4 . 1 Swap 7 | . 1 1 5 . . Drop 40 | . 2 . 29 . 9 Fire 162 | 5 48 10 65 . 34 Melee . | . . . . . . Ram . | . . . . . . Kick . | . . . . . . Crush 11 | . 7 3 1 . . Escape Stasis . | . . . . . . Rewire . | . . . . . . Trap . | . . . . . . Miscellaneous . | . . . . . . Route ------- -11/Scrapyard -10/Materials (discovered 4 exits: *Mat x3 / [*Min]) -10/Mines (discovered 2 exits: *Mat x2) -9/Materials (discovered 3 exits: [*Mat x2] / *Min) -9/Mines (discovered 2 exits: [*Mat] / [*Zio]) -7/Zion History --------- Turn | Location | Event 4 | -11/Scrapyard | Discovered new exit (range 14) 110 | -11/Scrapyard | Entered Materials 167 | -10/Materials | Central database locked down 282 | -10/Materials | Discovered new exit (range 12) 302 | -10/Materials | Build established: Mutant 693 | -10/Materials | Discovered new exit (range 13) 759 | -10/Materials | Discovered new exit (range 12) 777 | -10/Materials | Discovered new exit (range 14) 1066 | -10/Materials | Entered Mines 1111 | -10/Mines | Assembled infested the area 1136 | -10/Mines | Core integrity fell below 50% 1401 | -10/Mines | Discovered new exit (range 14) 1477 | -10/Mines | Discovered new exit (range 8) 1491 | -10/Mines | Entered Materials 1491 | -9/Materials | Evolved 2 slots: Weapon x2 1643 | -9/Materials | Identified exit to Mines 2036 | -9/Materials | Discovered new exit (range 3) 2085 | -9/Materials | Build established: Gunner 2753 | -9/Materials | Discovered new exit (range 16) 2932 | -9/Materials | Entered Mines 3028 | -9/Mines | A Derelict revealed a hidden shortcut to a safe place 3036 | -9/Mines | Discovered new exit (range 9) 3044 | -9/Mines | Entered Zion 3102 | -7/Zion | Attacked by Zionites 3102 | -7/Zion | Spotted 8L-C2R(B) 3102 | -7/Zion | Spotted 1J-KVO(B) 3115 | -7/Zion | Destroyed 1J-KVO(B) 3123 | -7/Zion | Allies destroyed 8L-C2R(B) 3124 | -7/Zion | Core integrity fell below 50% 3154 | -7/Zion | Lost 3 parts (1p1n1u) 3200 | -7/Zion | 7V-RTL came to Zion's defense 3305 | -7/Zion | Core integrity fell below 20% 3313 | -7/Zion | Destroyed by RU-N14 with RU-N14's Throwing Claymores Last Messages --------------- 03257_ Slug penetrates Wall. 03261_ Wall collapses. 03264_ Penetrated by Slug. 03273_ Player 2 drops Hvy. Battle Rifle. Player 2: "You look like you need this Hvy. Battle Rifle." 03277_ Penetrated by Slug. 03277_ Slug penetrates Wall. 03280_ Hpw. Tractor Beam destroyed. 03281_ FI-LF4(z) pulls a Mak. Axe out of the Twisted Machinery. 03286_ Penetrated by Slug. 03287_ Acquired Hvy. Battle Rifle. 03288_ FI-LF4(z) destroyed. 03289_ Penetrated by Slug. RU-N14: "Time for a live test!" RU-N14 pulls out a set of special claymores. 03307_ Fission Core destroyed. 03313_ Slug penetrates Player 2. 03313_ Spk. Medium Treads destroyed. Map ----- +----------------------------------------------------+ | ?????????????????????????????????????????????????? | | ?????????????????????????????????????????????????? | | ?????????????????????????????????????????????????? | | ?????????????????????????????????????????????????? | | ?????????????????????????????????????????????????? | | ?????????????????????????????????????????????????? | | ?????????????????????????????????????????????????? | | ?????????????????????????????????????????????????? | | ?????????????????????????????????????????????????? | | ?????????????????????????????????????????????????? | | ?????????????????????????????????????????????????? | | ?????????????????????????????????????????????????? | | ?????????????????????????????????????????????????? | | ?????????????????????????????????????????????????? | | ?????????????????????????????????????? ?????? | | ?????????????????????????????????????? #???? | | ?????????????????????????????????????? #???? | | ?????????????????????????????????????? ##??? | | ?????????????????????????????????????? ???? | | ?????????????????????????????????????? ?????? | | ????????????????#########???????????## ??????? | | ????????????????# ## ########???## ???????? | | ????????######?## """""""#??## #????????? | | ????????#""#""## " ##?# #????????? | | ????????"# " % ;### #####????? | | ??????"#""" = = @ =Y% % ####?? | | ??????""" !=** ] @ c % ### | | ???" ][%* ## % | | ?????""""" #; * # | | ????????"" "" #[ ! """#### # | | ???????? ;;== ; ########??## ## | | ????? ""##########??????????## ####? | | ??????""""" ???????????????????????## #???? | | ??????????"??????????????????????????# ##### | | ?????????????????????????????????????# | | ?????????????????????????????????????# | | ????????????????????????????????# ## | | ????????????????????????????????# ## ### | | ????????????????????????????????# ######?# | | ????????????????????????????????## ##??????# | | ?????????????????????????????????######????????# | | ???????????????????????????????????????????????# | | ??????????????????????????????????????????????## | | ??????????????????????????????????????????????# | | ??????????????????????????????????????????????# | | ??????????????????????????????????????????????## | | ?????????????????????????????????????????????## | | ?????????????????????????????????????????????# | | ?????????????????????????????????????????????## | | ?????????????????????????????????????????????# | +----------------------------------------------------+ Best States ------------- Heat Dissipation 42 Energy Generation 18 Energy Capacity 310 Matter Stores 300 Matter Capacity 300 Sight Range 16 Terrain Scan Density 10 Armor Coverage 600 Resistance: TH 10 Core Shielding 20 Evasion (%) 50 Recoil Reduction 2 Item Schematics ----------------- None Robot Schematics ------------------ None Fabricated ------------ Nothing Alien Tech Used ----------------- None Achievements -------------- None Challenges ------------ None Player 2 | -11 -10 -10 -9 -9 -7 ---------- Run | Yrd Mat Min Mat Min Zio Slots Evolved 2 | . . 2 . . . Power 1 | . . 1 . . . Propulsion 1 | . . 1 . . . Utility . | . . . . . . Weapon . | . . . . . . Parts Attached 32 | . 14 1 16 . 1 Parts Lost . | . . . . . . Damage Taken 804 | . 265 54 380 . 105 Core 167 | . 64 38 65 . . Player 2/Cogmind (%) 28 | . 65 53 35 . . Absorbed by Shields . | . . . . . . Damage Inflicted 3021 | . 647 126 1149 . 1099 Player 2/Cogmind (%) 40 | . 42 21 34 . 56 Combat Hostiles Destroyed 23 | . 7 4 11 . 1 Player 2/Cogmind (%) 33 | . 36 30 32 . 50 Game ------ Seed RegenerativeZioniteSpoofer Manual? 0 Play Time 00:22:28 Cumulative 776.1 hours Start 2024.05.05 @ 18:40:45 End 2024.05.05 @ 19:03:05 Sessions 1 Manual Loads 0 Difficulty Rogue Special Mode AFD2020/Player2 Game No. 496 Rogue 489 Adventurer 0 Explorer 7 Win Type - Total 55 Types 20/5/19/2/0/1/6/1/1 Lore% 89 Gallery% 96 Achievement% 84 Wizard Run 0 Options --------- Layout 2 ASCII 0 Keyboard 0 Movement Numpad Keybinds 0 Fullscreen 1 Font 24/Tamsyn Map View 50x44 Zoom Use 0% Tactical HUD 1 Map Filters NONE Filters NONE Steam 1 RUN: 45dd0967-2141-4493-9ccf-0f9a3e1b6858